 Dungeon Crawl Stone Soup version 0.30-a0-241-g1121274140 (webtiles) character file.

Game seed: 17479914104019946854

88574 billz999 the Unseen (level 15, -7/126 HPs)
             Began as a Vampire Earth Elementalist on Oct 10, 2022.
             Was an Initiate of Gozag.
             Killed from afar by Nikola (14 damage)
             ... with an arc of chain lightning
             ... on level 1 of the Spider Nest.
             The game lasted 01:55:29 (35091 turns).

billz999 the Unseen (Vampire Earth Elementalist)   Turns: 35091, Time: 01:55:30

Health: -7/126     AC: 28    Str: 13    XL:     15   Next: 46%
Magic:  9/29       EV: 15    Int: 24    God:    Gozag
Gold:   4193       SH:  7    Dex: 16    Spells: 1/35 levels left

rFire   + . .      SeeInvis +    w - +7 short sword (venom)
rCold   x . .      Faith    .    q - +2 buckler
rNeg    + . .      Spirit   .    (body armour currently unavailable)
rPois   ∞          Reflect  .    (no helmet)
rElec   +          Harm     .    (no cloak)
rCorr   +          Rampage  .    (gloves currently unavailable)
Will    ++...                    (boots currently unavailable)
Stlth   ++++++....               H - amulet of magic regeneration
HPRegen 0.61/turn                W - +6 ring of strength
MPRegen 0.61/turn                L - ring "Ryppagh" {Fire +Blink Will+ rCorr Slay+3}

@: statue-form, healing quickly, very slow
A: slow and powerful, torment resistance 1, boosted hp, alive, fangs 3, see
invisible, vampiric 2, [frail 1]
a: Exsanguinate, End Transformation, Renounce Religion, Evoke Blink, Potion
Petition, Call Merchant, Bribe Branch


You were on level 1 of the Spider Nest.
You worshipped Gozag.
Gozag was most pleased with you.
You were a living statue of rough stone.
You visited 4 branches of the dungeon, and saw 22 of its levels.
You also visited: Bailey and Ice Cave.

You collected 7947 gold pieces.
You spent 3703 gold pieces at shops.
You paid 51 gold pieces to Gozag.

Inventory:

Hand Weapons
 w - a +7 short sword of venom (weapon)
Missiles
 G - 2 throwing nets
Armour
 q - a +2 buckler (worn)
 r - a +0 pair of boots (melded)
 I - the +1 shadow dragon scales "Haruluat" {-Tele Will+ MP+9 Dex+4 Stlth++++}
   (You bought it in a shop on level 4 of the Dungeon)

   Dex:       It affects your dexterity (+4).
   MP:        It affects your magic capacity (+9).
   -Tele:     It prevents most forms of teleportation.
   Will:      It increases your willpower.
   Stlth:     It makes you much more stealthy.
 Y - the +0 acid dragon scales "Miralohu" (melded) {rCorr Int+5 Stlth-}
   (You bought it in a shop on level 4 of the Dungeon)

   Int:       It affects your intelligence (+5).
   rCorr:     It protects you from acid and corrosion.
   Stlth:     It makes you less stealthy.
Magical Staves
 s - a staff of poison
Jewellery
 u - a ring of wizardry
 x - a ring of ice
 F - an amulet of reflection
 H - an amulet of magic regeneration (around neck)
 J - a ring of resist corrosion
 L - the ring "Ryppagh" (right fist) {Fire +Blink Will+ rCorr Slay+3}
   (You found it on level 2 of the Lair of Beasts)

   [ring of fire]

   It enhances your fire magic.
   Slay:      It affects your accuracy & damage with ranged weapons and melee
   (+3).
   rF:        It protects you from fire.
   rC:        It makes you vulnerable to cold.
   +Blink:    It lets you blink.
   rCorr:     It protects you from acid and corrosion.
   Will:      It increases your willpower.
 R - an amulet of the acrobat
 W - a +6 ring of strength (left fist)
Wands
 b - a wand of charming (27)
 d - a wand of iceblast (1)
 j - a wand of polymorph (3)
 C - a wand of flame (5)
 N - a wand of mindburst (10)
 V - a wand of digging (2)
 X - a wand of light (5)
Scrolls
 a - 4 scrolls of fear
 f - 15 scrolls of teleportation
 g - 6 scrolls of vulnerability
 k - 6 scrolls of poison
 n - 3 scrolls of amnesia
 y - 5 scrolls of enchant weapon
 B - 2 scrolls of summoning
 D - 2 scrolls of magic mapping
 O - 6 scrolls of identify
 P - 3 scrolls of enchant armour {unknown}
 Q - 3 scrolls of silence {unknown}
 S - a scroll of butterflies
 T - a scroll of acquirement {unknown}
Potions
 c - 3 potions of cancellation
 e - a potion of ambrosia {unknown}
 h - 2 potions of lignification
 i - 9 potions of attraction
 l - 4 potions of invisibility
 m - 2 potions of brilliance {unknown}
 o - a potion of might
 p - 3 potions of resistance {unknown}
 t - 8 potions of mutation
 v - 5 potions of degeneration {unknown}
 z - 4 potions of curing
 E - a potion of berserk rage
 K - 5 potions of haste
 M - 3 potions of flight {unknown}
 U - a potion of magic


   Skills:
 - Level 7.4 Fighting
 - Level 5.9 Short Blades
 - Level 6.3 Dodging
 - Level 16.4 Stealth
 - Level 4.0 Shields
 - Level 10.6 Spellcasting
 - Level 7.1 Hexes
 - Level 8.0 Necromancy
 + Level 12.1 Transmutations
 - Level 2.0 Ice Magic
 - Level 7.0 Air Magic
 - Level 9.0 Earth Magic
 - Level 9.3 Poison Magic


You had one spell level left.
You knew the following spells:

 Your Spells              Type           Power      Damage    Failure   Level
a - Sandblast             Erth           100%       2d20      1%          1
b - Petrify               Tmut/Erth      59%        N/A       1%          4
c - Dispel Undead         Necr           50%        3d19      2%          4
d - Yara's Violent Unrav  Hex/Tmut       28%        3d12      3%          5
e - Statue Form           Tmut/Erth      39%        N/A       12%         6
f - Storm Form            Tmut/Air       28%        N/A       71%         7
g - Olgreb's Toxic Radia  Pois           55%        N/A       1%          4
h - Stone Arrow           Conj/Erth      68%        3d11      3%          3

Your spell library contained the following spells:

 Spells                   Type           Power      Damage    Failure   Level
 Kiss of Death            Conj/Necr      100%       2d13      1%          1
 Ensorcelled Hibernation  Hex/Ice        68%        N/A       1%          2
 Passwall                 Tmut/Erth      49%        N/A       1%          2
 Confusing Touch          Hex            47%        N/A       1%          3
 Swiftness                Air            46%        N/A       1%          3
 Tukima's Dance           Hex            47%        N/A       1%          3
 Blade Hands              Tmut           31%        N/A       1%          5
 Passage of Golubria      Tloc           12%        N/A       54%         4
 Ozocubu's Refrigeration  Ice            11%        4d9       100%        7
 Ignition                 Fire           9%         3d5       100%        8


Dungeon Overview and Level Annotations

Branches:
Dungeon (14/15)            Temple (0/1) D:5            Lair (5/5) D:8
 Shoals (0/4) Lair:3       Spider (1/4) Lair:3        Slime (0/5) Lair:4
    Orc (2/2) D:12            Elf (0/3) Orc:2        Vaults (0/5) D:14
 Bailey (visited)           IceCv (visited)

Altars:
Ashenzari
Cheibriados
Gozag
Hepliaklqana
Kikubaaqudgha
Makhleb
Okawaru
Qazlal
Sif Muna
Trog
Vehumet
Wu Jian
Xom
Yredelemnul
Lugonu

Shops:
D:4 [   D:10 *   Orc:2 :[?[

Annotations:
D:7 Pikel
D:8 2 transporters
D:13 2 runed translucent doors
Spider:1 Nikola


Innate Abilities, Weirdness & Mutations

You are a living statue of rough stone.
Your actions are slow, but your melee attacks are powerful.
You are resistant to unholy torment.
Your maximum health is greatly increased.
You are immune to poison.
Your equipment is partially melded.
Your natural rate of healing is accelerated.
You have razor-sharp teeth.
You have supernaturally acute eyesight. (SInv)
You are afflicted with vampirism and can become a bat while bloodless.
[You are frail. (-10% HP)]


Message History

You are too injured to fight recklessly!
Casting: Sandblast (safe; 1% risk of failure)
Confirm with . or Enter, or press ? or * to list all spells.
Aiming: Sandblast (safe; 1% risk of failure)
Press: ? - help, Shift-Dir - straight line, f/p - Nikola
Aim: Nikola, wielding a +2 rapier of electrocution, wearing a +0 cloak of willpower and wearing a +0 pair of gloves (severely wounded, very poisoned, 87% to hit)
The blast of sand hits Nikola!
Nikola is severely wounded.
Nikola gestures wildly while chanting.
Lightning arcs from Nikola's hands!
The bolt of lightning hits you!!! You resist.
* * * LOW HITPOINT WARNING * * *
A bolt of lightning appears from out of thin air!
The bolt of lightning hits Nikola.
You block Nikola's attack.
Okay, then.
You feel much better. Nikola hits you but does no damage.
Nikola closely misses you.
Casting: Sandblast (safe; 1% risk of failure)
Confirm with . or Enter, or press ? or * to list all spells.
Aiming: Sandblast (safe; 1% risk of failure)
Press: ? - help, Shift-Dir - straight line, f/p - Nikola
Aim: Nikola, wielding a +2 rapier of electrocution, wearing a +0 cloak of willpower and wearing a +0 pair of gloves (severely wounded, very poisoned, 87% to hit)
The blast of sand hits Nikola.
Nikola is severely wounded.
Nikola casts a spell.
Lightning arcs from Nikola's hands!
The bolt of lightning hits you!! You resist.
* * * LOW HITPOINT WARNING * * *
A bolt of lightning appears from out of thin air!
The bolt of lightning hits Nikola!
Nikola closely misses you.
Casting: Sandblast (safe; 1% risk of failure)
Confirm with . or Enter, or press ? or * to list all spells.
Aiming: Sandblast (safe; 1% risk of failure)
Press: ? - help, Shift-Dir - straight line, f/p - Nikola
Aim: Nikola, wielding a +2 rapier of electrocution, wearing a +0 cloak of willpower and wearing a +0 pair of gloves (almost dead, very poisoned, 87% to hit)
The blast of sand misses Nikola.
Nikola gestures wildly while chanting.
Lightning arcs from Nikola's hands!
The bolt of lightning hits you! You resist.
You die...
Your body crumbles into a pile of gold.

#### #### ##...## ##..### ## ##
#.....#####.....##.#.# ## ##.
##......#.#........##.# #^##..
#.........#............#####....
#........# #.........#..........
#........###.)@8...# #..........
##......#..#.....#####......#...
##..##.###.....####.......###.#
## ##.#####..###........## ##^
####......##.##>.......## #.
#.........#####.........# #.
#.[....#### #...........## ##.
#....### ##............# #..
##...# ##.............###..


You could see Nikola (very poisoned).

Vanquished Creatures
  Jorgrun (Spider:1)
  Rupert (D:14)
  An emperor scorpion (Lair:3)
  A broodmother (Spider:1)
  The ghost of Ehaohe the Carver, a journeyman DrBe of Trog (Lair:2)
  A dire elephant (Lair:5)
  The ghost of ziggurnaut the Severer, a journeyman HORe of Trog (Lair:3)
  Fannar (Orc:1)
  Erolcha (Orc:1)
  6 hydras
  Harold (Lair:1)
  A radroach (Spider:1)
  4 boulder beetles
  4 centaur warriors
  3 two-headed ogres
  3 death yaks (Lair:5)
  An orc high priest (Orc:1)
  Urug (Orc:1)
  Amaemon (D:9)
  2 pharaoh ants (Spider:1)
  2 orb spiders (Spider:1)
  4 orc knights
  4 lindwurms
  A deep elf pyromancer (D:14)
  11 ugly things
  6 cyclopes
  A manticore (D:12)
  4 orc sorcerers
  16 elephants
  4 black mambas
  An orange demon (D:9)
  3 gargoyles (D:9)
  11 cane toads
  2 torpor snails
  8 rime drakes
  3 demonic crawlers (Spider:1)
  2 kobold demonologists (D:10)
  A tengu conjurer (D:14)
  7 komodo dragons
  5 trolls
  2 hornets
  A polar bear (Lair:5)
  The ghost of heikuro the Shield-Bearer, an amateur FoFi (D:4)
  4 slime creatures (D:14)
  6 tarantellas (Spider:1)
  A blink frog (shapeshifter) (D:14)
  10 blink frogs
  6 dream sheep
  2 jumping spiders (Spider:1)
  A centaur simulacrum (D:14)
  3 wraiths
  2 shadows
  7 culicivoras (Spider:1)
  2 water elementals (D:12)
  41 yaks
  5 basilisks
  A vampire (D:9)
  16 humans (D:14)
  5 wyverns
  A yak (shapeshifter) (D:11)
  6 redbacks
  3 steam dragons
  5 vampire mosquitoes
  A death yak simulacrum (Lair:2)
  4 wargs
  3 acid dragons
  Duvessa (D:6)
  2 ice beasts
  36 orc warriors
  3 sky beasts
  13 water moccasins
  A black bear (D:7)
  10 wolves
  5 ogres
  20 centaurs
  A phantom (D:7)
  A lemure (D:6)
  8 kobold brigands
  4 gnoll sergeants
  10 bullfrogs
  2 necrophages (D:7)
  2 scorpions
  4 wights (D:8)
  A lindwurm simulacrum (IceCv)
  Dowan (D:6)
  2 elephant simulacra (Lair:2)
  5 electric eels
  2 howler monkeys
  2 komodo dragon simulacra
  6 hounds
  A jelly (D:6)
  A water moccasin simulacrum (Lair:2)
  A gnoll bouda (D:4)
  9 orc priests
  2 iguanas (D:4)
  16 orc wizards
  2 yak simulacra (Lair:2)
  3 acid dragon simulacra (IceCv)
  6 adders
  23 gnolls
  3 shadow imps
  2 white imps
  A steam dragon simulacrum (IceCv)
  An ufetubus (D:6)
  3 dart slugs
  86 orcs
  8 bats
  4 endoplasms
  7 hobgoblins
  28 kobolds
  4 quokkas
  6 ball pythons
  3 frilled lizards
  6 goblins
  5 rats
644 creatures vanquished.

Vanquished Creatures (collateral kills)
  2 gargoyles (D:9)
  An orc (D:7)
3 creatures vanquished.

Vanquished Creatures (others)
  An air elemental (D:13)
  A dancing weapon (D:9)
  A water elemental (D:13)
  2 orcs (Orc:1)
  12 fungi
  44 plants
61 creatures vanquished.

Grand Total: 708 creatures vanquished

Notes
Turn   | Place    | Note
-------+----------+-------------------------------------------
     0 | D:1      | billz999 the Vampire Earth Elementalist began the quest for
                  | the Orb.
     0 | D:1      | Reached XP level 1. HP: 13/13 MP: 3/3
   301 | D:1      | Reached XP level 2. HP: 19/19 MP: 1/5
   912 | D:1      | You fall into a shaft and drop 1 floor!
  1299 | D:2      | Gained mutation: You are afflicted with vampirism and can
                  | become a bat while bloodless. [Vampire growth]
  1299 | D:2      | Reached XP level 3. HP: 24/24 MP: 3/6
  1352 | D:2      | Reached skill level 1 in Shields
  1605 | D:2      | Reached skill level 4 in Stealth
  1881 | D:2      | Reached XP level 4. HP: 30/30 MP: 5/7
  2124 | D:3      | Found an opulent altar of Gozag.
  2131 | D:3      | Became a worshipper of Gozag Ym Sagoz the Greedy
  2716 | D:4      | Noticed heikuro's ghost (amateur FoFi)
  2859 | D:4      | Found a runed translucent door.
  2967 | D:4      | Reached skill level 5 in Stealth
  2969 | D:4      | Reached XP level 5. HP: 22/35 MP: 3/8
  3541 | D:4      | Learned a level 4 spell: Petrify
  3547 | D:4      | Found Cadmus's Dragon-Slaying Spoils.
  3751 | D:4      | Found an ornate altar of the Wu Jian Council.
  3963 | D:5      | Entered Level 5 of the Dungeon
  3971 | D:5      | Reached skill level 6 in Stealth
  3971 | D:5      | Reached XP level 6. HP: 41/41 MP: 9/9
  4171 | D:5      | Found a staircase to the Ecumenical Temple.
  4297 | D:5      | Reached skill level 7 in Stealth
  4366 | D:5      | HP: 1/41 [gnoll sergeant/+0 spear (8)]
  4368 | D:5      | Reached skill level 8 in Stealth
  4648 | D:5      | Reached XP level 7. HP: 46/46 MP: 6/10
  4660 | D:4      | Reached skill level 9 in Stealth
  4849 | D:5      | Reached skill level 10 in Stealth
  5946 | D:5      | Learned a level 2 spell: Ensorcelled Hibernation
  6006 | D:4      | Reached skill level 1 in Hexes
  6123 | D:6      | Reached XP level 8. HP: 52/52 MP: 11/11
  6307 | D:6      | Reached skill level 1 in Ice Magic
  6618 | D:6      | Noticed Duvessa
  6619 | D:6      | Noticed Dowan
  6630 | D:6      | Killed Duvessa
  6631 | D:6      | Reached skill level 5 in Hexes
  6634 | D:6      | Killed Dowan
  6678 | D:6      | Found a basalt altar of Yredelemnul.
  6720 | D:6      | Found a hazy altar of Hepliaklqana.
  6720 | D:6      | Found a snail-covered altar of Cheibriados.
  6721 | D:6      | Found a burning altar of Makhleb.
  6722 | D:6      | Found an iron altar of Okawaru.
  6723 | D:6      | Found a stormy altar of Qazlal.
  6724 | D:6      | Found an ancient bone altar of Kikubaaqudgha.
  6725 | D:6      | Found a shimmering altar of Xom.
  6762 | D:6      | Reached skill level 5 in Transmutations
  7521 | D:7      | Reached XP level 9. HP: 42/57 MP: 3/12
  7778 | D:7      | Found a flagged portal.
  7784 | Bailey   | Entered a bailey
  7987 | D:7      | Noticed Pikel
  8426 | D:7      | Found a broken altar of Ashenzari.
  8931 | D:8      | Found a transporter.
  8934 | D:8      | Found a transporter.
  8936 | D:8      | Found a corrupted altar of Lugonu.
  8936 | D:8      | Noticed a green ugly thing
  8937 | D:8      | Noticed a green ugly thing
  8937 | D:8      | Noticed a purple ugly thing
  9186 | D:8      | Noticed a troll
  9194 | D:8      | Killed a troll
  9267 | D:8      | Reached skill level 5 in Earth Magic
  9427 | D:8      | Noticed a cyclops
  9613 | D:8      | Reached skill level 5 in Spellcasting
  9726 | D:8      | Noticed a komodo dragon
  9738 | D:8      | Killed a komodo dragon
  9813 | D:8      | Reached XP level 10. HP: 59/63 MP: 8/18
 10033 | D:8      | Found a radiant altar of Vehumet.
 10033 | D:8      | Found a shimmering blue altar of Sif Muna.
 10040 | D:8      | Found a faded altar of an unknown god.
 10042 | D:8      | Found a bloodstained altar of Trog.
 10044 | D:8      | Found a faded altar of an unknown god.
 10280 | D:8      | Killed a cyclops
 10455 | D:8      | Learned a level 5 spell: Yara's Violent Unravelling
 10477 | D:8      | Learned a level 3 spell: Tukima's Dance
 10482 | D:8      | Learned a level 4 spell: Passage of Golubria
 10756 | D:8      | Found a staircase to the Lair.
 10785 | Lair:1   | Entered Level 1 of the Lair of Beasts
 10931 | Lair:1   | Noticed a cane toad
 11587 | D:9      | Noticed an orange demon
 11589 | D:9      | Noticed Amaemon
 11715 | D:9      | Reached skill level 11 in Stealth
 12494 | D:9      | Reached skill level 12 in Stealth
 12580 | D:10     | Entered Level 10 of the Dungeon
 12748 | D:4      | Bought the +1 shadow dragon scales "Haruluat" {-Tele Will+
                  | MP+9 Dex+4 Stlth++++} for 1572 gold pieces
 13144 | D:8      | Reached XP level 11. HP: 25/69 MP: 13/21
 13250 | D:8      | Reached skill level 1 in Fighting
 13369 | Lair:1   | Noticed Harold
 13387 | Lair:1   | Reached skill level 13 in Stealth
 13521 | Lair:1   | Noticed a boulder beetle
 13535 | Lair:1   | Killed a boulder beetle
 14304 | Lair:1   | Killed Harold
 14305 | Lair:1   | Reached skill level 14 in Stealth
 14832 | Lair:2   | Noticed a lindwurm
 14842 | Lair:2   | Killed a lindwurm
 14929 | Lair:2   | Found a runed translucent gate.
 14931 | Lair:2   | Found a runed translucent gate.
 14931 | Lair:2   | Found a runed translucent gate.
 15119 | Lair:2   | Noticed a six-headed hydra
 15134 | Lair:2   | Noticed Ehaohe's ghost (journeyman DrBe)
 15549 | Lair:1   | Reached skill level 5 in Dodging
 15773 | Lair:2   | Noticed a four-headed hydra
 15788 | Lair:2   | Killed a four-headed hydra
 15789 | Lair:2   | Reached skill level 15 in Stealth
 15911 | Lair:2   | Killed a six-headed hydra
 15912 | Lair:2   | Reached XP level 12. HP: 81/81 MP: 12/23
 16390 | Lair:3   | Found a staircase to the Shoals.
 16442 | Lair:3   | Learned a level 4 spell: Olgreb's Toxic Radiance
 16471 | Lair:3   | Reached skill level 1 in Poison Magic
 16857 | D:10     | Found Tomomir's Assorted Antiques.
 17124 | D:9      | Killed Amaemon
 17467 | D:9      | HP: 3/81 [gargoyle (17)]
 17471 | D:9      | Reached skill level 5 in Poison Magic
 17692 | D:8      | Learned a level 3 spell: Stone Arrow
 18329 | Lair:2   | Noticed a four-headed hydra
 18340 | Lair:2   | Killed a four-headed hydra
 18964 | Lair:3   | Found a runed translucent gate.
 18965 | Lair:3   | Found a runed translucent gate.
 18966 | Lair:3   | Found a runed translucent gate.
 18968 | Lair:3   | Noticed an 11-headed hydra
 18968 | Lair:3   | Noticed an 11-headed hydra
 18969 | Lair:3   | Noticed ziggurnaut's ghost (journeyman HORe)
 18994 | Lair:3   | Found a hole to the Spider Nest.
 19042 | Lair:3   | Noticed a four-headed hydra
 19052 | Lair:3   | Killed a four-headed hydra
 19494 | Lair:3   | Reached XP level 13. HP: 50/87 MP: 20/24
 19872 | Lair:2   | Learned a level 4 spell: Dispel Undead
 19926 | Lair:4   | Reached skill level 1 in Necromancy
 20303 | Lair:4   | Found a staircase to the Slime Pits.
 20830 | Lair:5   | Entered Level 5 of the Lair of Beasts
 20920 | Lair:5   | Found a frozen archway.
 20937 | IceCv    | Entered an ice cave
 21015 | IceCv    | Reached skill level 5 in Necromancy
 21486 | Lair:5   | Noticed a dire elephant
 21967 | Lair:5   | Killed a dire elephant
 22352 | Lair:5   | Reached skill level 5 in Fighting
 23004 | Lair:2   | Killed Ehaohe's ghost
 23265 | Lair:2   | Got the ring "Ryppagh" {Fire +Blink Will+ rCorr Slay+3}
 23515 | D:4      | Killed heikuro's ghost
 24892 | D:10     | Reached XP level 14. HP: 100/100 MP: 27/27
 24934 | D:10     | Bought a scroll of poison for 96 gold pieces
 24934 | D:10     | Bought a twisted ruby ring for 120 gold pieces
 24946 | D:10     | Bought an iridescent spear for 192 gold pieces
 24946 | D:10     | Identified the +4 spear "Bodwosob" {vorpal, *Rage rN+
                  | Int+2} (You bought it in a shop on level 10 of the Dungeon)
 25131 | D:4      | Bought the +0 acid dragon scales "Miralohu" {rCorr Int+5
                  | Stlth-} for 785 gold pieces
 27005 | D:12     | Found a staircase to the Orcish Mines.
 27095 | Orc:1    | Entered Level 1 of the Orcish Mines
 27424 | Orc:1    | Noticed Fannar
 27435 | Orc:1    | Killed Fannar
 27504 | Orc:1    | Noticed Erolcha
 27518 | Orc:1    | Killed Erolcha
 27948 | Orc:2    | Entered Level 2 of the Orcish Mines
 27972 | Orc:2    | Reached skill level 1 in Short Blades
 27976 | Orc:1    | Noticed Urug
 28086 | Orc:2    | Found a staircase to the Elven Halls.
 28174 | Orc:2    | Reached skill level 10 in Spellcasting
 28817 | Orc:2    | Reached skill level 5 in Short Blades
 28933 | Orc:2    | Found Hucsael's Armour Shop.
 28933 | Orc:2    | Found Keifei's Magic Scroll Shoppe.
 28934 | Orc:2    | Found Okkar Qou's Armour Emporium.
 28936 | Orc:2    | Found Refaq's Book Boutique.
 28941 | Orc:2    | Bought the Spellbook of Shaping for 672 gold pieces
 28949 | Orc:2    | Learned a level 7 spell: Storm Form
 29321 | Orc:2    | Bought a scroll of teleportation for 39 gold pieces
 29321 | Orc:2    | Bought a scroll of fear for 52 gold pieces
 29321 | Orc:2    | Bought a scroll of teleportation for 39 gold pieces
 29321 | Orc:2    | Bought a scroll of teleportation for 39 gold pieces
 29321 | Orc:2    | Bought a scroll of enchant weapon for 97 gold pieces
 29629 | Orc:1    | Reached skill level 1 in Air Magic
 29864 | Orc:1    | Killed Urug
 30732 | D:13     | Reached skill level 5 in Air Magic
 30899 | D:13     | Found a large runed translucent door.
 30899 | D:13     | Found a large runed translucent door.
 31274 | D:14     | Noticed Rupert
 31732 | D:14     | Reached skill level 16 in Stealth
 31734 | D:14     | Reached XP level 15. HP: 106/108 MP: 16/29
 31980 | D:14     | Found a gate to the Vaults.
 32369 | D:14     | Killed Rupert
 32860 | Lair:3   | Killed ziggurnaut's ghost
 32960 | Spider:1 | Entered Level 1 of the Spider Nest
 33027 | Spider:1 | Reached skill level 10 in Transmutations
 33085 | Spider:1 | Noticed an emperor scorpion
 33110 | Spider:1 | HP: 1/86 [tarantella[a broodmother] (6)]
 33365 | Lair:3   | Killed an emperor scorpion
 34108 | Spider:1 | Noticed Jorgrun
 34125 | Spider:1 | Killed Jorgrun
 34927 | Spider:1 | Learned a level 6 spell: Statue Form
 35068 | Spider:1 | Noticed Nikola
 35087 | Spider:1 | HP: 6/126 [Nikola/arc of chain lightning (56)]
 35091 | Spider:1 | Killed from afar by Nikola

Illustrated notes

Levels and vault maps discovered:
D:1:      nzn_arrival_water_spiral, layout_basic
D:2:      layout_basic
D:3:      layout_basic, nicolae_gozag_cash_rules_everything_around_me
D:4:      layout_loops_ring, mainiacjoe_overflow_tiny_flanked,
          hellmonk_ghost_happy_afterlife, enter_ossuary_1,
          hangedman_abyss_or_decor_slice, kennysheep_small_spiral,
          nicolae_shop_dragon_depot, bh_walls_and_bars
D:5:      layout_loops_ring, minmay_temple_entry_sparse_star, chequers_big_river
D:6:      layout_rooms, minitemple, gup_sewer_entry_bowl, uniq_duvessa
D:7:      layout_loops_corners, elyvilon_altar_3, lemuel_coloured_pillars_altar,
          enter_bailey_2, item_on_display_a, uniq_pikel
D:8:      gammafunk_corrupted_shrine, layout_basic,
          chequers_temple_overflow_minitemple, erik_lair_dragon,
          kennysheep_nondescript, chequers_arboretum, grunt_potential
D:9:      cheibrodos_statue_roulette, layout_loops_corners, uniq_amaemon
D:10:     layout_layer_cave, serial_shops, shop_statue
D:11:     layout_stronghold, corexii_leaking_fountain,
          hangedman_abyss_or_decor_lesser_grid
D:12:     layout_basic, kennysheep_orc_monster_closet_entryway,
          fungi_pond_lemuel
D:13:     layout_basic, lightli_elemental_guards
D:14:     layout_stronghold, david_vaults_3, infiniplex_staircase_spiral_double
Lair:1:   layout_chaotic_city, patterned_corridor, serial_bayou_shore_a,
          uniq_harold
Lair:2:   layout_hall_layers, gammafunk_ghost_icy
Lair:3:   layout_hall_layers, minmay_shoals_entry_centaurs, spider_nest_entry_a,
          gammafunk_ghost_hydra_chop, beast_lair_carwin_1
Lair:4:   layout_long_grid, slime_entry_1
Lair:5:   hangedman_lair_in_review, layout_long_grid,
          portal_ice_cave_entry_pillars_2, serial_bayou_crossing
Spider:1: layout_chambers, nicolae_spider_claw_tunnel, uniq_jorgrun, uniq_nikola
Orc:1:    layout_caves, mines1_david, uniq_erolcha, uniq_urug, uniq_fannar
Orc:2:    st_orc_rangers, layout_caves, mines2_david, uniq_rupert

Skill      XL: |  1  2  3  4  5  6  7  8  9 10 11 12 13 14 15 |
---------------+----------------------------------------------+-----
Shields        | 1 2 3 4 |  4.0
Stealth        | 4 5 6 8 10 12 15 16 | 16.4
Transmutations | 3 7 8 9 12 | 12.1
Hexes          | 3 6 7 |  7.1
Ice Magic      | 2 |  2.0
Spellcasting   | 5 6 7 9 10 | 10.6
Earth Magic    | 6 8 9 |  9.0
Fighting       | 3 6 7 |  7.4
Dodging        | 5 6 |  6.3
Poison Magic   | 9 |  9.3
Necromancy     | 8 |  8.0
Short Blades   | 5 |  5.9
Air Magic      | 7 |  7.0

Action                   |  1- 3 |  4- 6 |  7- 9 | 10-12 | 13-15 || total
-------------------------+-------+-------+-------+-------+-------++-------
Melee: Unarmed           |     1 |       |       |       |       ||     1
       Dagger            |       |    12 |       |       |       ||    12
       Bite              |       |     4 |    11 |    45 |    56 ||   116
       Short sword       |       |    24 |    86 |   289 |   318 ||   717
       Staff             |       |       |       |       |     1 ||     1
 Cast: Sandblast         |    46 |    90 |   161 |    33 |   114 ||   444
       Ensorcelled Hiber |       |       |    33 |    27 |     1 ||    61
       Petrify           |       |       |    14 |   144 |   157 ||   315
       Yara's Violent Un |       |       |       |     5 |     2 ||     7
       Olgreb's Toxic Ra |       |       |       |    29 |   174 ||   203
       Tukima's Dance    |       |       |       |     7 |     3 ||    10
       Stone Arrow       |       |       |       |     2 |    15 ||    17
       Dispel Undead     |       |       |       |       |    21 ||    21
       Statue Form       |       |       |       |       |     1 ||     1
 Abil: Evoke Blink       |       |       |       |       |     3 ||     3
       Exsanguinate      |       |       |       |       |     2 ||     2
       Revivify          |       |       |       |       |     1 ||     1
Evoke: Wand              |       |     4 |     8 |     5 |    25 ||    42
  Use: Potion            |     5 |       |     3 |     9 |     7 ||    24
       Scroll            |       |     6 |     2 |    20 |    14 ||    42
 Stab: Sleeping          |       |     9 |    21 |    24 |    20 ||    74
       Distracted        |       |     1 |       |       |     1 ||     2
       Petrified         |       |       |    17 |   130 |   118 ||   265
       Petrifying        |       |       |     1 |    10 |    34 ||    45
Armor: Robe              |     4 |    14 |    40 |    52 |    17 ||   127
       Shadow dragon sca |       |       |       |     8 |       ||     8
       Acid dragon scale |       |       |       |       |    63 ||    63
       Skin              |       |       |       |       |     1 ||     1
Dodge: Dodged            |    19 |    48 |   140 |   155 |   255 ||   617
Block: Buckler           |     3 |    25 |    57 |   108 |   158 ||   351

Table legend: (Time is in decaauts)
 A = Elapsed time spent in this place.
 B = Non-inter-level travel time spent in this place.
 C = Inter-level travel time spent in this place.
 D = Time resting spent in this place.
 E = Time spent auto-exploring this place.
 F = Levels seen in this place.
 G = Mean time per level.
                   A        B        C        D        E       F      G
               +--------+--------+--------+--------+--------+-----+--------+
         Total |  35464 |  31439 |   4025 |   6327 |  19522 |  24 | 1477.7 |
       Dungeon |  21267 |  18110 |   3157 |   2953 |  12004 |  14 | 1519.1 |
          Lair |   9862 |   9137 |    725 |   2412 |   5116 |   5 | 1972.4 |
   Spider Nest |   1453 |   1430 |     23 |    205 |    947 |   1 | 1453.0 |
  Orcish Mines |   2736 |   2618 |    118 |    756 |   1377 |   2 | 1368.0 |
        Bailey |     10 |     10 |      0 |      0 |      2 |   1 |   10.0 |
      Ice Cave |    134 |    134 |      0 |      0 |     75 |   1 |  134.0 |
               +--------+--------+--------+--------+--------+-----+--------+

Top non-repeatable levels by time:
     D:8: 2988 daAuts
     D:4: 2474 daAuts
  Lair:2: 2453 daAuts
  Lair:1: 2422 daAuts
     D:9: 2293 daAuts
  Lair:3: 2185 daAuts
     D:7: 2110 daAuts
  Lair:5: 1856 daAuts
     D:5: 1784 daAuts
   Orc:2: 1694 daAuts
    D:14: 1544 daAuts
Spider:1: 1453 daAuts
     D:6: 1317 daAuts
     D:2: 1182 daAuts
    D:12: 1135 daAuts
